Erie Otters vs Niagara IceDogs
Created - Saturday, March 18, 2023 at 07:02
Goals
|
| Erie Otters |
1 |
2 |
2 |
0 |
0 |
5 |
| Niagara IceDogs |
1 |
3 |
1 |
0 |
1 |
6 |
|
Shots
|
| Erie Otters |
18 |
11 |
12 |
1 |
3 |
42 |
| Niagara IceDogs |
9 |
16 |
10 |
0 |
2 |
35 |
|
1st period
1. Erie Otters , Trent Frederic 4 (Alex Newhook 11) at 8:47
2. Niagara IceDogs , Jonatan Berggren 1 (Vasili Ponomarev 4, Filip Kral 1) at 10:32
Penalties :
Jack Quinn (NID) for Fighting (Major) at 0:06, Trent Frederic (ERO) for Fighting (Major) at 0:06, Filip Kral (NID) for Goalie Interference (Minor) at 5:53, Joseph Duszak (NID) for Holding (Minor) at 10:51, John Ludvig (NID) for Fighting (Major) at 18:24, Adam Clendening (ERO) for Fighting (Major) at 18:24, Alex-Olivier Voyer (ERO) for Hooking (Minor) at 19:26
2nd period
3. Niagara IceDogs , Joachim Blichfeld 4 (Jonatan Berggren 5, Jacob MacDonald 2) at 2:35 (PP)
4. Niagara IceDogs , Jack Quinn 5 (Arttu Ruotsalainen 4, Jacob MacDonald 3) at 8:19
5. Erie Otters , Ty Ronning 4 (Kevin Davis 2, Alex Gallant 1) at 9:27
6. Erie Otters , Trent Frederic 5 (Alex Newhook 12) at 13:38 (PP)
7. Niagara IceDogs , Vasili Ponomarev 2 (Jacob MacDonald 4, Tim Soderlund 1) at 16:30
Penalties :
Trent Frederic (ERO) for Holding (Minor) at 2:22, Aaron Ness (ERO) for Roughing (Minor) at 10:47, Jayden Halbgewachs (NID) for Tripping (Minor) at 13:36, Joachim Blichfeld (NID) for Fighting (Major) at 15:11, Trent Frederic (ERO) for Fighting (Major) at 15:11
3rd period
8. Erie Otters , Michael Eyssimont 3 (Andy Andreoff 5, Adam Clendening 2) at 1:11 (PP)
9. Niagara IceDogs , Arttu Ruotsalainen 3 (Jack Quinn 4, Jayden Halbgewachs 5) at 8:29
10. Erie Otters , Trent Frederic 6 (Alex Newhook 13, Paul Cotter 4) at 13:48
Penalties :
Daniel Vladar (NID) for Slashing (Minor) at 0:37 - Jayden Halbgewachs served the penalty, Alex Gallant (ERO) for Roughing (Minor) at 2:15, Nicholas Robertson (NID) for Hooking (Minor) at 18:21
Overtime #1
No Goal
Penalties :
No Penalty
Shootout
Erie Otters, Alex Newhook - Shot Misses the Net
Niagara IceDogs, Jack Quinn - Goal!
Erie Otters, Trent Frederic - Stopped by Daniel Vladar
Niagara IceDogs, Arttu Ruotsalainen - Stopped by Keith Kinkaid
Erie Otters, Andy Andreoff - Stopped by Daniel Vladar
Penalties :
No Penalty
Goalie Stats
Keith Kinkaid (ERO), 30 saves from 35 shots - (0.857), OTL, 2-3-1, 65:00 minutes
Daniel Vladar (NID), 37 saves from 42 shots - (0.881), W, 3-0-0, 65:00 minutes
Players Stats for Erie Otters
Player Name G A P +/- PIM S H SB GA TA FO MP PP MP PK MP
------------------------------------------------------------------------------------
Aaron Luchuk 0 0 0 1 0 2 1 0 3 0 2/7 15:15 0:00 1:09
Aaron Ness 0 0 0 0 2 0 0 2 1 1 0/0 20:33 2:06 1:24
Abbott Girduckis 0 0 0 -1 0 0 0 0 0 0 2/3 5:00 0:01 0:00
Adam Brubacher 0 0 0 0 0 0 0 0 0 0 0/0 3:34 0:00 0:21
Adam Clendening 0 1 1 0 5 1 1 3 1 0 0/0 24:04 4:06 2:20
Alec McCrea 0 0 0 -1 0 2 1 1 0 0 0/0 15:06 0:00 0:00
Alex Biega 0 0 0 0 0 0 1 1 0 5 0/0 30:18 4:06 3:54
Alex Gallant 0 1 1 1 2 2 0 0 0 0 0/0 13:11 0:00 0:00
Alex Newhook 0 3 3 0 0 4 1 2 3 1 26/50 28:00 3:29 4:07
Alex Petrovic 0 0 0 0 0 2 3 4 1 0 0/0 21:37 2:06 2:16
Alex-Olivier Voyer 0 0 0 -1 2 0 1 0 0 2 0/0 8:38 0:01 0:00
Andy Andreoff 0 1 1 -2 0 5 0 0 0 0 5/6 19:50 2:42 1:32
Kevin Davis 0 1 1 -1 0 0 2 1 0 0 0/0 14:53 0:00 2:05
Michael Eyssimont 1 0 1 -2 0 4 4 0 0 1 0/0 21:05 2:42 1:53
Paul Cotter 0 1 1 1 0 6 2 1 1 0 1/3 18:30 3:29 0:00
Sampo Ranta 0 0 0 -2 0 1 2 1 0 0 0/1 17:00 2:42 0:00
Trent Frederic 3 0 3 1 12 6 1 1 1 0 3/3 20:27 3:29 3:39
Ty Ronning 1 0 1 1 0 7 3 1 1 1 0/1 16:42 0:01 0:00
Players Stats for Niagara IceDogs
Player Name G A P +/- PIM S H SB GA TA FO MP PP MP PK MP
------------------------------------------------------------------------------------
Alex Whelan 0 0 0 -1 0 0 1 1 1 1 0/1 15:23 3:07 0:00
Aliaksei Protas 0 0 0 0 0 3 0 0 0 1 3/8 20:17 3:03 3:04
Arttu Ruotsalainen 1 1 2 2 0 5 2 1 3 0 2/6 22:05 3:03 3:00
Chase Pearson 0 0 0 -1 0 1 0 0 0 0 0/0 11:53 0:00 0:00
Conor Timmins 0 0 0 -1 0 1 1 5 1 1 0/0 28:54 3:08 3:12
Filip Kral 0 1 1 3 2 1 2 0 0 2 0/0 16:34 0:00 0:00
Ian Mitchell 0 0 0 -1 0 2 0 0 0 2 0/0 20:57 3:11 3:21
Jack Quinn 1 1 2 2 5 4 1 1 1 2 2/6 20:35 3:03 3:11
Jacob MacDonald 0 3 3 3 0 1 0 2 0 0 0/0 22:58 3:02 3:21
James Hamblin 0 0 0 0 0 2 0 0 0 0 7/13 11:35 0:00 0:00
Jayden Halbgewachs 0 1 1 2 2 1 1 1 1 0 9/17 15:20 0:00 0:13
Joachim Blichfeld 1 0 1 0 5 2 2 1 1 0 0/0 12:55 3:07 0:00
John Ludvig 0 0 0 0 5 0 2 2 0 0 0/0 20:05 1:45 3:12
Jonatan Berggren 1 1 2 -1 0 4 2 1 2 1 9/16 20:22 3:07 3:04
Joseph Duszak 0 0 0 -2 2 0 1 0 1 2 0/0 21:22 1:14 0:00
Nicholas Robertson 0 0 0 0 2 1 1 0 0 0 0/1 12:50 0:00 0:13
Tim Soderlund 0 1 1 0 0 1 0 1 0 0 0/0 9:09 0:00 0:00
Vasili Ponomarev 1 1 2 0 0 6 2 0 0 0 3/6 10:06 0:00 0:00
3 Stars
1 - Jacob MacDonald (NID)
2 - Arttu Ruotsalainen (NID)
3 - Vasili Ponomarev (NID)
Power Play
Erie Otters - 2 on 5 Attempt(s) - 40.00%
Niagara IceDogs - 1 on 4 Attempt(s) - 25.00%
Penalty Kill
Erie Otters - 3 on 4 Attempt(s) - 75.00%
- Score 0 goal in Penalty Kill
Niagara IceDogs - 3 on 5 Attempt(s) - 60.00%
- Score 0 goal in Penalty Kill
Team Stat
Erie Otters - Hits : 23 - Faceoff Wins : 39 - Blocked Shots : 18 - Penalty Minutes : 23
Niagara IceDogs - Hits : 18 - Faceoff Wins : 35 - Blocked Shots : 16 - Penalty Minutes : 25
Official
Referees : Dennis LaRue and TJ Luxmore
Linesman : Unknown
Game Notes
Jack Quinn and Trent Frederic fight to a draw at 0:06 of 1st period
John Ludvig and Adam Clendening fight to a draw at 18:24 of 1st period
Trent Frederic beats up Joachim Blichfeld at 15:11 of 2nd period
Trent Frederic has scored a Hat Trick!
Erie Otters
5 vs 5 Forward
Center Left Wing Right Wing Time % Phy DF OF
1 Alex Newhook Trent Frederic Paul Cotter 40 1 2 2
2 Andy Andreoff Michael Eyssimont Sampo Ranta 30 1 2 2
3 Aaron Luchuk Alex Gallant Ty Ronning 20 1 2 2
4 Abbott Girduckis Alex Newhook Alex-Olivier Voyer 10 1 2 2
5 vs 5 Defense
Defense Defense Time % Phy DF OF
1 Alex Biega Adam Clendening 40 1 2 2
2 Alex Petrovic Aaron Ness 30 1 2 2
3 Alec McCrea Kevin Davis 20 1 2 2
4 Adam Brubacher Alex Biega 10 1 2 2
PowerPlay Forward
Center Left Wing Right Wing Time % Phy DF OF
1 Alex Newhook Trent Frederic Paul Cotter 60 1 2 2
2 Andy Andreoff Michael Eyssimont Sampo Ranta 40 1 2 2
PowerPlay Defense
Defense Defense Time % Phy DF OF
1 Alex Biega Adam Clendening 60 1 2 2
2 Alex Petrovic Aaron Ness 40 1 2 2
Penalty Kill 4 Players Forward
Center Wing Time % Phy DF OF
1 Alex Newhook Trent Frederic 60 1 2 2
2 Andy Andreoff Michael Eyssimont 40 1 2 2
Penalty Kill 4 Players Defense
Defense Defense Time % Phy DF OF
1 Alex Biega Adam Clendening 60 1 2 2
2 Alex Petrovic Aaron Ness 40 1 2 2
Penalty Kill - 3 Players Forward
Forward Time % Phy DF OF
1 Alex Newhook 60 1 2 2
2 Trent Frederic 40 1 2 2
Penalty Kill - 3 Players Defense
Defense Defense Time % Phy DF OF
1 Alex Biega Adam Clendening 60 1 2 2
2 Alex Petrovic Aaron Ness 40 1 2 2
4 vs 4 Forward
Center Wing Time % Phy DF OF
1 Alex Newhook Trent Frederic 60 1 2 2
2 Andy Andreoff Michael Eyssimont 40 1 2 2
4 vs 4 Defense
Defense Defense Time % Phy DF OF
1 Alex Biega Adam Clendening 60 1 2 2
2 Alex Petrovic Aaron Ness 40 1 2 2
Last Minutes Offensive
Center Left Wing Right Wing Defense Defense
Alex Newhook Trent Frederic Paul Cotter Alex Biega Adam Clendening
Last Minutes Defensive
Center Left Wing Right Wing Defense Defense
Alex Newhook Trent Frederic Paul Cotter Alex Biega Adam Clendening
Goaltenders
Starting : Keith Kinkaid
Backup : Brad Thiessen
Extra Forwards
Normal : Ty Ronning, Alex-Olivier Voyer, Aaron Luchuk - PP : Ty Ronning, Alex-Olivier Voyer - PK : Aaron Luchuk
Extra Defensemen
Normal : Alec McCrea, Kevin Davis, Adam Brubacher - PP : Alec McCrea - PK : Kevin Davis, Adam Brubacher
Penalty Shots
Alex Newhook, Trent Frederic, Andy Andreoff, Michael Eyssimont, Paul Cotter
Niagara IceDogs
5 vs 5 Forward
Center Left Wing Right Wing Time % Phy DF OF
1 Jayden Halbgewachs Arttu Ruotsalainen Jack Quinn 30 1 2 2
2 James Hamblin Joachim Blichfeld Aliaksei Protas 25 1 2 2
3 Jonatan Berggren Chase Pearson Alex Whelan 25 1 2 2
4 Vasili Ponomarev Nicholas Robertson Tim Soderlund 20 1 2 2
5 vs 5 Defense
Defense Defense Time % Phy DF OF
1 Conor Timmins Joseph Duszak 40 1 2 2
2 Ian Mitchell John Ludvig 30 1 2 2
3 Jacob MacDonald Filip Kral 30 1 2 2
4 Conor Timmins Joseph Duszak 0 1 2 2
PowerPlay Forward
Center Left Wing Right Wing Time % Phy DF OF
1 Arttu Ruotsalainen Aliaksei Protas Jack Quinn 50 1 2 2
2 Jonatan Berggren Joachim Blichfeld Alex Whelan 50 1 2 2
PowerPlay Defense
Defense Defense Time % Phy DF OF
1 Ian Mitchell Jacob MacDonald 50 1 2 2
2 Conor Timmins John Ludvig 50 1 2 2
Penalty Kill 4 Players Forward
Center Wing Time % Phy DF OF
1 Jack Quinn Arttu Ruotsalainen 50 1 2 2
2 Aliaksei Protas Jonatan Berggren 50 1 2 2
Penalty Kill 4 Players Defense
Defense Defense Time % Phy DF OF
1 Ian Mitchell Jacob MacDonald 50 1 2 2
2 Conor Timmins John Ludvig 50 1 2 2
Penalty Kill - 3 Players Forward
Forward Time % Phy DF OF
1 Jack Quinn 50 1 2 2
2 Arttu Ruotsalainen 50 1 2 2
Penalty Kill - 3 Players Defense
Defense Defense Time % Phy DF OF
1 Ian Mitchell Jacob MacDonald 50 1 2 2
2 Conor Timmins John Ludvig 50 1 2 2
4 vs 4 Forward
Center Wing Time % Phy DF OF
1 Jack Quinn Arttu Ruotsalainen 50 1 2 2
2 Aliaksei Protas Jonatan Berggren 50 1 2 2
4 vs 4 Defense
Defense Defense Time % Phy DF OF
1 Ian Mitchell Jacob MacDonald 50 1 2 2
2 Conor Timmins John Ludvig 50 1 2 2
Last Minutes Offensive
Center Left Wing Right Wing Defense Defense
Arttu Ruotsalainen Aliaksei Protas Jack Quinn Ian Mitchell Jacob MacDonald
Last Minutes Defensive
Center Left Wing Right Wing Defense Defense
Arttu Ruotsalainen Aliaksei Protas Jack Quinn Ian Mitchell Jacob MacDonald
Goaltenders
Starting : Daniel Vladar
Backup : Joseph Woll
Extra Forwards
Normal : Nicholas Robertson, Vasili Ponomarev, Jayden Halbgewachs - PP : Nicholas Robertson, Vasili Ponomarev - PK : Jayden Halbgewachs
Extra Defensemen
Normal : Joseph Duszak, Filip Kral, Conor Timmins - PP : Joseph Duszak - PK : Filip Kral, Conor Timmins
Penalty Shots
Jack Quinn, Arttu Ruotsalainen, Aliaksei Protas, Jonatan Berggren, Joachim Blichfeld
% Time on Ice - Erie Otters
Lines # - Real PCT - Wanted PCT - Time Play
Normal Forward
1 - 31% - 40% - 14:53
2 - 33% - 30% - 15:56
3 - 26% - 20% - 12:35
4 - 9% - 10% - 4:14
Normal Defense
1 - 35% - 40% - 16:54
2 - 32% - 30% - 15:13
3 - 26% - 20% - 12:18
4 - 7% - 10% - 3:13
PP Forward
1 - 56% - 60% - 3:30
2 - 44% - 40% - 2:42
PP Defense
1 - 66% - 60% - 4:06
2 - 34% - 40% - 2:06
PK Forward
1 - 76% - 60% - 4:41
2 - 24% - 40% - 1:29
PK Defense
1 - 63% - 60% - 3:54
2 - 37% - 40% - 2:16
PK3 Forward
1 - 0% - 60%
2 - 0% - 40%
PK3 Defense
1 - 0% - 60%
2 - 0% - 40%
44 Forward
1 - 77% - 60% - 3:52
2 - 23% - 40% - 1:08
44 Defense
1 - 59% - 60% - 2:58
2 - 41% - 40% - 2:02
Last Minute Offensive - 0:00
Last Minute Defensive - 0:00
Total
Forward - 65:00
Defense - 65:00
|
% Time on Ice - Niagara IceDogs
Lines # - Real PCT - Wanted PCT - Time Play
Normal Forward
1 - 30% - 30% - 14:17
2 - 26% - 25% - 12:19
3 - 25% - 25% - 11:53
4 - 19% - 20% - 9:09
Normal Defense
1 - 40% - 40% - 18:50
2 - 30% - 30% - 14:17
3 - 30% - 30% - 14:31
4 - 0% - 0% - 0:00
PP Forward
1 - 49% - 50% - 3:03
2 - 51% - 50% - 3:07
PP Defense
1 - 49% - 50% - 3:02
2 - 51% - 50% - 3:08
PK Forward
1 - 51% - 50% - 3:08
2 - 49% - 50% - 3:04
PK Defense
1 - 51% - 50% - 3:09
2 - 49% - 50% - 3:03
PK3 Forward
1 - 76% - 50% - 0:16
2 - 24% - 50% - 0:05
PK3 Defense
1 - 57% - 50% - 0:12
2 - 43% - 50% - 0:09
44 Forward
1 - 50% - 50% - 2:19
2 - 50% - 50% - 2:20
44 Defense
1 - 44% - 50% - 2:04
2 - 56% - 50% - 2:35
Last Minute Offensive - 0:00
Last Minute Defensive - 0:00
Total
Forward - 65:00
Defense - 65:00
|
Play-by-Play
1st period
0:01 of 1st period - Alex Newhook wins face-off versus Jayden Halbgewachs in neutral zone.
0:06 of 1st period - Jack Quinn and Trent Frederic fight to a draw.
0:06 of 1st period - Penalty to Jack Quinn for Fighting.
0:06 of 1st period - Penalty to Trent Frederic for Fighting.
0:07 of 1st period - James Hamblin wins face-off versus Andy Andreoff in Niagara IceDogs zone.
0:22 of 1st period - Wrist shot by Aliaksei Protas.
0:22 of 1st period - Stopped by Keith Kinkaid with a rebound.
0:32 of 1st period - Jonatan Berggren is hit by Alex Petrovic and loses puck.
0:39 of 1st period - Snap shot by Ty Ronning.
0:39 of 1st period - Stopped by Daniel Vladar with a rebound.
0:41 of 1st period - Snap shot by Ty Ronning.
0:41 of 1st period - Stopped by Daniel Vladar with a rebound.
0:43 of 1st period - Backhand shot by Alec McCrea.
0:43 of 1st period - Deflect By Ian Mitchell.
0:43 of 1st period - Stopped by Daniel Vladar with a rebound.
1:37 of 1st period - Snap shot by Jayden Halbgewachs.
1:37 of 1st period - Stopped by Keith Kinkaid without a rebound.
1:38 of 1st period - James Hamblin wins face-off versus Aaron Luchuk in Erie Otters zone.
2:08 of 1st period - Snap shot by Paul Cotter.
2:08 of 1st period - Stopped by Daniel Vladar without a rebound.
2:09 of 1st period - Abbott Girduckis wins face-off versus Jonatan Berggren in Niagara IceDogs zone.
2:16 of 1st period - Slapshot by Alex-Olivier Voyer.
2:16 of 1st period - Shot Blocked by Jacob MacDonald.
2:46 of 1st period - Slapshot by Alex Newhook.
2:46 of 1st period - Stopped by Daniel Vladar with a rebound.
2:48 of 1st period - Wrist shot by Alex-Olivier Voyer.
2:48 of 1st period - Deflect By Nicholas Robertson.
2:48 of 1st period - Shot Blocked by Jayden Halbgewachs.
2:48 of 1st period - Puck is out of play.
2:49 of 1st period - Andy Andreoff wins face-off versus James Hamblin in Niagara IceDogs zone.
2:56 of 1st period - Snap shot by Andy Andreoff.
2:56 of 1st period - Stopped by Daniel Vladar with a rebound.
3:15 of 1st period - Aaron Ness is hit by Vasili Ponomarev and loses puck.
3:38 of 1st period - Snap shot by Chase Pearson.
3:38 of 1st period - Stopped by Keith Kinkaid without a rebound.
3:39 of 1st period - Alex Newhook wins face-off versus Jayden Halbgewachs in Erie Otters zone.
3:52 of 1st period - Snap shot by Arttu Ruotsalainen.
3:52 of 1st period - Shot Blocked by Alex Newhook.
4:17 of 1st period - Wrist shot by Andy Andreoff.
4:17 of 1st period - Stopped by Daniel Vladar with a rebound.
4:56 of 1st period - Snap shot by Vasili Ponomarev.
4:56 of 1st period - Stopped by Keith Kinkaid with a rebound.
5:42 of 1st period - Wrist shot by Jack Quinn.
5:42 of 1st period - Stopped by Keith Kinkaid without a rebound.
5:43 of 1st period - Jayden Halbgewachs wins face-off versus Aaron Luchuk in Erie Otters zone.
5:53 of 1st period - Minor Penalty to Filip Kral for Goalie Interference.
5:54 of 1st period - Jack Quinn wins face-off versus Alex Newhook in Niagara IceDogs zone.
5:54 of 1st period - Jack Quinn is hit by Paul Cotter.
6:11 of 1st period - Ian Mitchell is hit by Trent Frederic and loses puck.
6:32 of 1st period - Slapshot by Arttu Ruotsalainen.
6:32 of 1st period - Shot Misses the Net.
7:51 of 1st period - Andy Andreoff is hit by Jayden Halbgewachs and loses puck.
7:53 of 1st period - Penalty to Filip Kral is over, Filip Kral is back on ice.
8:12 of 1st period - Icing by Ty Ronning.
8:13 of 1st period - James Hamblin wins face-off versus Aaron Luchuk in Erie Otters zone.
8:34 of 1st period - Alex Newhook is hit by Filip Kral and loses puck.
8:39 of 1st period - Wrist shot by Jonatan Berggren.
8:39 of 1st period - Stopped by Keith Kinkaid without a rebound.
8:40 of 1st period - Alex Newhook wins face-off versus Vasili Ponomarev in Erie Otters zone.
8:47 of 1st period - Slapshot by Trent Frederic.
8:47 of 1st period - Goal by Trent Frederic - Erie Otters : 1 - Niagara IceDogs : 0.
8:48 of 1st period - Alex Newhook wins face-off versus Nicholas Robertson in neutral zone.
9:15 of 1st period - Conor Timmins is hit by Michael Eyssimont and loses puck.
9:24 of 1st period - Snap shot by Andy Andreoff.
9:24 of 1st period - Stopped by Daniel Vladar with a rebound.
9:26 of 1st period - Slapshot by Alex Petrovic.
9:26 of 1st period - Deflect By Aliaksei Protas.
9:26 of 1st period - Stopped by Daniel Vladar without a rebound.
9:27 of 1st period - Jayden Halbgewachs wins face-off versus Paul Cotter in Niagara IceDogs zone.
10:04 of 1st period - Icing by Nicholas Robertson.
10:05 of 1st period - Aaron Luchuk wins face-off versus Vasili Ponomarev in Niagara IceDogs zone.
10:32 of 1st period - Snap shot by Jonatan Berggren.
10:32 of 1st period - Goal by Jonatan Berggren - Erie Otters : 1 - Niagara IceDogs : 1.
10:33 of 1st period - Alex Newhook wins face-off versus James Hamblin in neutral zone.
10:36 of 1st period - Wrist shot by Alex Newhook.
10:36 of 1st period - Shot Misses the Net.
10:51 of 1st period - Minor Penalty to Joseph Duszak for Holding.
10:52 of 1st period - Aliaksei Protas wins face-off versus Alex Newhook in Niagara IceDogs zone.
11:06 of 1st period - Snap shot by Trent Frederic.
11:06 of 1st period - Stopped by Daniel Vladar without a rebound.
11:07 of 1st period - Alex Newhook wins face-off versus Aliaksei Protas in Niagara IceDogs zone.
11:32 of 1st period - Paul Cotter is hit by John Ludvig and loses puck.
11:45 of 1st period - Snap shot by Trent Frederic.
11:45 of 1st period - Shot Blocked by Conor Timmins.
11:47 of 1st period - Wrist shot by Alex Newhook.
11:47 of 1st period - Shot Misses the Net.
11:49 of 1st period - Wrist shot by Trent Frederic.
11:49 of 1st period - Shot Misses the Net.
11:51 of 1st period - Snap shot by Paul Cotter.
11:51 of 1st period - Stopped by Daniel Vladar with a rebound.
11:53 of 1st period - Snap shot by Paul Cotter.
11:53 of 1st period - Stopped by Daniel Vladar with a rebound.
11:55 of 1st period - Wrist shot by Alex Newhook.
11:55 of 1st period - Shot Misses the Net.
12:51 of 1st period - Penalty to Joseph Duszak is over, Joseph Duszak is back on ice.
12:59 of 1st period - Snap shot by Andy Andreoff.
12:59 of 1st period - Shot Misses the Net.
14:06 of 1st period - Vasili Ponomarev is hit by Alex Biega and loses puck.
14:36 of 1st period - Slapshot by James Hamblin.
14:36 of 1st period - Stopped by Keith Kinkaid without a rebound.
14:37 of 1st period - Abbott Girduckis wins face-off versus Jayden Halbgewachs in Erie Otters zone.
15:01 of 1st period - Alex Gallant is hit by Nicholas Robertson and loses puck.
15:27 of 1st period - Alex Petrovic is hit by Alex Whelan and loses puck.
15:43 of 1st period - Snap shot by Andy Andreoff.
15:43 of 1st period - Shot Misses the Net.
15:45 of 1st period - Backhand shot by Sampo Ranta.
15:45 of 1st period - Shot Blocked by Jack Quinn.
15:47 of 1st period - Wrist shot by Michael Eyssimont.
15:47 of 1st period - Stopped by Daniel Vladar with a rebound.
15:51 of 1st period - Snap shot by Andy Andreoff.
15:51 of 1st period - Shot Misses the Net.
15:53 of 1st period - Slapshot by Sampo Ranta.
15:53 of 1st period - Stopped by Daniel Vladar without a rebound.
15:54 of 1st period - Alex Newhook wins face-off versus James Hamblin in Niagara IceDogs zone.
15:57 of 1st period - Snap shot by Trent Frederic.
15:57 of 1st period - Shot Misses the Net.
16:05 of 1st period - Snap shot by Trent Frederic.
16:05 of 1st period - Shot Misses the Net.
16:07 of 1st period - Wrist shot by Paul Cotter.
16:07 of 1st period - Stopped by Daniel Vladar without a rebound.
16:08 of 1st period - Alex Newhook wins face-off versus Arttu Ruotsalainen in Niagara IceDogs zone.
16:11 of 1st period - Snap shot by Alex Newhook.
16:11 of 1st period - Stopped by Daniel Vladar without a rebound.
16:12 of 1st period - Alex Newhook wins face-off versus Jayden Halbgewachs in Niagara IceDogs zone.
16:21 of 1st period - Arttu Ruotsalainen is hit by Alex Newhook and loses puck.
16:45 of 1st period - Off-side.
16:46 of 1st period - Andy Andreoff wins face-off versus Jonatan Berggren in neutral zone.
17:51 of 1st period - Alex Petrovic is hit by Vasili Ponomarev and loses puck.
18:00 of 1st period - Conor Timmins is hit by Alex-Olivier Voyer and loses puck.
18:13 of 1st period - Wrist shot by Sampo Ranta.
18:13 of 1st period - Deflect By Andy Andreoff.
18:13 of 1st period - Shot Misses the Net.
18:13 of 1st period - Puck is out of play.
18:14 of 1st period - Andy Andreoff wins face-off versus Jonatan Berggren in Niagara IceDogs zone.
18:21 of 1st period - Wrist shot by Andy Andreoff.
18:21 of 1st period - Stopped by Daniel Vladar with a rebound.
18:24 of 1st period - John Ludvig and Adam Clendening fight to a draw.
18:24 of 1st period - Penalty to John Ludvig for Fighting.
18:24 of 1st period - Penalty to Adam Clendening for Fighting.
18:25 of 1st period - Jayden Halbgewachs wins face-off versus Alex Newhook in Niagara IceDogs zone.
19:26 of 1st period - Minor Penalty to Alex-Olivier Voyer for Hooking.
19:27 of 1st period - Jack Quinn wins face-off versus Alex Newhook in Erie Otters zone.
19:28 of 1st period - Wrist shot by Arttu Ruotsalainen.
19:28 of 1st period - Stopped by Keith Kinkaid with a rebound.
19:30 of 1st period - Slapshot by Arttu Ruotsalainen.
19:30 of 1st period - Deflect By Aliaksei Protas.
19:30 of 1st period - Shot Blocked by Trent Frederic.
19:30 of 1st period - Puck is out of play.
19:31 of 1st period - Arttu Ruotsalainen wins face-off versus Alex Newhook in Erie Otters zone.
19:47 of 1st period - Slapshot by Arttu Ruotsalainen.
19:47 of 1st period - Shot Misses the Net.
Goals for this period are 1 for Erie Otters vs 1 for Niagara IceDogs.
Shots for this period are 18 for Erie Otters vs 9 for Niagara IceDogs.
2nd period
0:01 of 2nd period - Jonatan Berggren wins face-off versus Alex Newhook in neutral zone.
0:16 of 2nd period - Snap shot by Alex Newhook.
0:16 of 2nd period - Deflect By Trent Frederic.
0:16 of 2nd period - Shot Misses the Net.
0:16 of 2nd period - Puck is out of play.
0:17 of 2nd period - Alex Newhook wins face-off versus Aliaksei Protas in Niagara IceDogs zone.
0:20 of 2nd period - Wrist shot by Trent Frederic.
0:20 of 2nd period - Shot Misses the Net.
0:30 of 2nd period - Wrist shot by Aliaksei Protas.
0:30 of 2nd period - Shot Misses the Net.
1:20 of 2nd period - Andy Andreoff is hit by Joachim Blichfeld and loses puck.
1:26 of 2nd period - Penalty to Alex-Olivier Voyer is over, Alex-Olivier Voyer is back on ice.
1:54 of 2nd period - Off-side.
1:55 of 2nd period - James Hamblin wins face-off versus Alex Newhook in neutral zone.
2:05 of 2nd period - Icing by Alec McCrea.
2:06 of 2nd period - Jayden Halbgewachs wins face-off versus Alex Newhook in Erie Otters zone.
2:07 of 2nd period - Slapshot by Arttu Ruotsalainen.
2:07 of 2nd period - Shot Blocked by Paul Cotter.
2:09 of 2nd period - Slapshot by Filip Kral.
2:09 of 2nd period - Deflect By Arttu Ruotsalainen.
2:09 of 2nd period - Stopped by Keith Kinkaid with a rebound.
2:11 of 2nd period - Wrist shot by Arttu Ruotsalainen.
2:11 of 2nd period - Stopped by Keith Kinkaid with a rebound.
2:22 of 2nd period - Minor Penalty to Trent Frederic for Holding.
2:23 of 2nd period - Jonatan Berggren wins face-off versus Alex Newhook in Erie Otters zone.
2:25 of 2nd period - Slapshot by Jonatan Berggren.
2:25 of 2nd period - Stopped by Keith Kinkaid with a rebound.
2:27 of 2nd period - Snap shot by Ian Mitchell.
2:27 of 2nd period - Shot Misses the Net.
2:31 of 2nd period - Wrist shot by Jonatan Berggren.
2:31 of 2nd period - Stopped by Keith Kinkaid with a rebound.
2:33 of 2nd period - Slapshot by Jacob MacDonald.
2:33 of 2nd period - Shot Misses the Net.
2:35 of 2nd period - Snap shot by Jonatan Berggren.
2:35 of 2nd period - Deflect By Joachim Blichfeld.
2:35 of 2nd period - Goal by Joachim Blichfeld - Erie Otters : 1 - Niagara IceDogs : 2.
2:36 of 2nd period - Trent Frederic wins face-off versus Jonatan Berggren in neutral zone.
2:39 of 2nd period - Snap shot by Trent Frederic.
2:39 of 2nd period - Shot Misses the Net.
2:51 of 2nd period - Snap shot by Jonatan Berggren.
2:51 of 2nd period - Shot Misses the Net.
3:28 of 2nd period - Slapshot by Aaron Luchuk.
3:28 of 2nd period - Stopped by Daniel Vladar without a rebound.
3:29 of 2nd period - Jonatan Berggren wins face-off versus Aaron Luchuk in Niagara IceDogs zone.
3:34 of 2nd period - Snap shot by Jonatan Berggren.
3:34 of 2nd period - Shot Blocked by Adam Clendening.
4:10 of 2nd period - Snap shot by Ty Ronning.
4:10 of 2nd period - Stopped by Daniel Vladar with a rebound.
4:20 of 2nd period - Slapshot by Ian Mitchell.
4:20 of 2nd period - Shot Blocked by Ty Ronning.
4:22 of 2nd period - Wrist shot by Jonatan Berggren.
4:22 of 2nd period - Shot Misses the Net.
4:28 of 2nd period - Snap shot by Jonatan Berggren.
4:28 of 2nd period - Shot Blocked by Kevin Davis.
4:30 of 2nd period - Slapshot by Ian Mitchell.
4:30 of 2nd period - Stopped by Keith Kinkaid without a rebound.
4:31 of 2nd period - Jayden Halbgewachs wins face-off versus Alex Newhook in Erie Otters zone.
4:57 of 2nd period - James Hamblin is hit by Michael Eyssimont and loses puck.
5:13 of 2nd period - Icing by Alex Biega.
5:14 of 2nd period - Vasili Ponomarev wins face-off versus Sampo Ranta in Erie Otters zone.
5:15 of 2nd period - Wrist shot by Nicholas Robertson.
5:15 of 2nd period - Stopped by Keith Kinkaid without a rebound.
5:16 of 2nd period - Alex Newhook wins face-off versus Arttu Ruotsalainen in Erie Otters zone.
6:00 of 2nd period - Wrist shot by Michael Eyssimont.
6:00 of 2nd period - Shot Misses the Net.
6:02 of 2nd period - Wrist shot by Adam Clendening.
6:02 of 2nd period - Shot Blocked by Joachim Blichfeld.
7:27 of 2nd period - Snap shot by Aliaksei Protas.
7:27 of 2nd period - Stopped by Keith Kinkaid without a rebound.
7:28 of 2nd period - James Hamblin wins face-off versus Alex Newhook in Erie Otters zone.
7:31 of 2nd period - Wrist shot by Joachim Blichfeld.
7:31 of 2nd period - Shot Blocked by Aaron Ness.
7:33 of 2nd period - Snap shot by James Hamblin.
7:33 of 2nd period - Stopped by Keith Kinkaid without a rebound.
7:34 of 2nd period - Alex Newhook wins face-off versus Jayden Halbgewachs in Erie Otters zone.
7:59 of 2nd period - Wrist shot by Sampo Ranta.
7:59 of 2nd period - Shot Misses the Net.
8:01 of 2nd period - Backhand shot by Aaron Ness.
8:01 of 2nd period - Shot Blocked by Conor Timmins.
8:11 of 2nd period - Snap shot by Michael Eyssimont.
8:11 of 2nd period - Stopped by Daniel Vladar without a rebound.
8:12 of 2nd period - Alex Newhook wins face-off versus Jayden Halbgewachs in Niagara IceDogs zone.
8:13 of 2nd period - Wrist shot by Trent Frederic.
8:13 of 2nd period - Shot Misses the Net.
8:19 of 2nd period - Wrist shot by Jack Quinn.
8:19 of 2nd period - Goal by Jack Quinn - Erie Otters : 1 - Niagara IceDogs : 3.
8:20 of 2nd period - Jayden Halbgewachs wins face-off versus Alex Newhook in neutral zone.
8:23 of 2nd period - Wrist shot by Jack Quinn.
8:23 of 2nd period - Shot Misses the Net.
8:31 of 2nd period - Snap shot by Jack Quinn.
8:31 of 2nd period - Shot Misses the Net.
8:56 of 2nd period - Snap shot by Andy Andreoff.
8:56 of 2nd period - Shot Misses the Net.
8:58 of 2nd period - Wrist shot by Alex Petrovic.
8:58 of 2nd period - Shot Blocked by Conor Timmins.
9:08 of 2nd period - Wrist shot by Ty Ronning.
9:08 of 2nd period - Stopped by Daniel Vladar with a rebound.
9:10 of 2nd period - Wrist shot by Alex Gallant.
9:10 of 2nd period - Stopped by Daniel Vladar without a rebound.
9:11 of 2nd period - Jonatan Berggren wins face-off versus Ty Ronning in Niagara IceDogs zone.
9:21 of 2nd period - Snap shot by Ty Ronning.
9:21 of 2nd period - Shot Blocked by Alex Whelan.
9:23 of 2nd period - Slapshot by Alex Gallant.
9:23 of 2nd period - Stopped by Daniel Vladar with a rebound.
9:27 of 2nd period - Snap shot by Ty Ronning.
9:27 of 2nd period - Goal by Ty Ronning - Erie Otters : 2 - Niagara IceDogs : 3.
9:28 of 2nd period - Jayden Halbgewachs wins face-off versus Alex Newhook in neutral zone.
10:00 of 2nd period - Snap shot by Aliaksei Protas.
10:00 of 2nd period - Shot Misses the Net.
10:05 of 2nd period - Off-side.
10:06 of 2nd period - Alex Newhook wins face-off versus Alex Whelan in neutral zone.
10:16 of 2nd period - Snap shot by Alex Whelan.
10:16 of 2nd period - Shot Blocked by Alex Newhook.
10:47 of 2nd period - Minor Penalty to Aaron Ness for Roughing.
10:48 of 2nd period - Trent Frederic wins face-off versus Arttu Ruotsalainen in Erie Otters zone.
10:48 of 2nd period - Trent Frederic is hit by Arttu Ruotsalainen.
11:00 of 2nd period - Snap shot by Alex Newhook.
11:00 of 2nd period - Stopped by Daniel Vladar without a rebound.
11:01 of 2nd period - Jonatan Berggren wins face-off versus Alex Newhook in Niagara IceDogs zone.
11:34 of 2nd period - Slapshot by Michael Eyssimont.
11:34 of 2nd period - Shot Misses the Net.
12:47 of 2nd period - Penalty to Aaron Ness is over, Aaron Ness is back on ice.
13:06 of 2nd period - Snap shot by Aaron Luchuk.
13:06 of 2nd period - Shot Misses the Net.
13:28 of 2nd period - Snap shot by Ty Ronning.
13:28 of 2nd period - Stopped by Daniel Vladar with a rebound.
13:30 of 2nd period - Wrist shot by Abbott Girduckis.
13:30 of 2nd period - Shot Misses the Net.
13:36 of 2nd period - Minor Penalty to Jayden Halbgewachs for Tripping.
13:37 of 2nd period - Alex Newhook wins face-off versus Jack Quinn in Niagara IceDogs zone.
13:38 of 2nd period - Snap shot by Trent Frederic.
13:38 of 2nd period - Goal by Trent Frederic - Erie Otters : 3 - Niagara IceDogs : 3.
13:39 of 2nd period - Jayden Halbgewachs wins face-off versus Paul Cotter in neutral zone.
13:51 of 2nd period - Wrist shot by Jack Quinn.
13:51 of 2nd period - Shot Misses the Net.
13:53 of 2nd period - Slapshot by Jack Quinn.
13:53 of 2nd period - Shot Blocked by Adam Clendening.
13:55 of 2nd period - Snap shot by Jack Quinn.
13:55 of 2nd period - Shot Misses the Net.
14:11 of 2nd period - Slapshot by Chase Pearson.
14:11 of 2nd period - Shot Hit the Post.
14:13 of 2nd period - Slapshot by Conor Timmins.
14:13 of 2nd period - Shot Misses the Net.
14:15 of 2nd period - Slapshot by Joseph Duszak.
14:15 of 2nd period - Shot Blocked by Adam Clendening.
14:29 of 2nd period - Wrist shot by Vasili Ponomarev.
14:29 of 2nd period - Shot Misses the Net.
14:31 of 2nd period - Slapshot by Tim Soderlund.
14:31 of 2nd period - Shot Blocked by Sampo Ranta.
14:33 of 2nd period - Snap shot by Tim Soderlund.
14:33 of 2nd period - Shot Misses the Net.
14:35 of 2nd period - Wrist shot by Vasili Ponomarev.
14:35 of 2nd period - Stopped by Keith Kinkaid without a rebound.
14:36 of 2nd period - Jayden Halbgewachs wins face-off versus Alex Newhook in Erie Otters zone.
14:37 of 2nd period - Snap shot by Jack Quinn.
14:37 of 2nd period - Stopped by Keith Kinkaid with a rebound.
14:51 of 2nd period - Wrist shot by Alex Newhook.
14:51 of 2nd period - Shot Blocked by Arttu Ruotsalainen.
15:01 of 2nd period - Arttu Ruotsalainen is hit by Ty Ronning and loses puck.
15:06 of 2nd period - Snap shot by Ty Ronning.
15:06 of 2nd period - Shot Blocked by John Ludvig.
15:08 of 2nd period - Slapshot by Alec McCrea.
15:08 of 2nd period - Stopped by Daniel Vladar without a rebound.
15:09 of 2nd period - Alex Newhook wins face-off versus Aliaksei Protas in Niagara IceDogs zone.
15:11 of 2nd period - Trent Frederic beats up Joachim Blichfeld.
15:11 of 2nd period - Penalty to Joachim Blichfeld for Fighting.
15:11 of 2nd period - Penalty to Trent Frederic for Fighting.
15:12 of 2nd period - Alex Newhook wins face-off versus James Hamblin in Niagara IceDogs zone.
16:18 of 2nd period - Icing by Filip Kral.
16:19 of 2nd period - Vasili Ponomarev wins face-off versus Alex Newhook in Niagara IceDogs zone.
16:24 of 2nd period - Slapshot by Vasili Ponomarev.
16:24 of 2nd period - Stopped by Keith Kinkaid with a rebound.
16:26 of 2nd period - Snap shot by Tim Soderlund.
16:26 of 2nd period - Stopped by Keith Kinkaid with a rebound.
16:28 of 2nd period - Snap shot by Jacob MacDonald.
16:28 of 2nd period - Stopped by Keith Kinkaid with a rebound.
16:30 of 2nd period - Snap shot by Vasili Ponomarev.
16:30 of 2nd period - Goal by Vasili Ponomarev - Erie Otters : 3 - Niagara IceDogs : 4.
16:31 of 2nd period - Alex Newhook wins face-off versus Jayden Halbgewachs in neutral zone.
16:56 of 2nd period - Jayden Halbgewachs is hit by Michael Eyssimont and loses puck.
18:28 of 2nd period - Jacob MacDonald is hit by Kevin Davis and loses puck.
Goals for this period are 2 for Erie Otters vs 3 for Niagara IceDogs.
Shots for this period are 11 for Erie Otters vs 16 for Niagara IceDogs.
3rd period
0:01 of 3rd period - Paul Cotter wins face-off versus James Hamblin in neutral zone.
0:04 of 3rd period - Slapshot by Adam Clendening.
0:04 of 3rd period - Stopped by Daniel Vladar without a rebound.
0:05 of 3rd period - James Hamblin wins face-off versus Alex Newhook in Niagara IceDogs zone.
0:30 of 3rd period - Arttu Ruotsalainen is hit by Sampo Ranta and loses puck.
0:35 of 3rd period - Slapshot by Michael Eyssimont.
0:35 of 3rd period - Shot Misses the Net.
0:37 of 3rd period - Snap shot by Andy Andreoff.
0:37 of 3rd period - Stopped by Daniel Vladar without a rebound.
0:37 of 3rd period - Minor Penalty to Daniel Vladar for Slashing.
0:38 of 3rd period - Aliaksei Protas wins face-off versus Alex Newhook in Niagara IceDogs zone.
0:47 of 3rd period - Slapshot by Alex Biega.
0:47 of 3rd period - Shot Blocked by Conor Timmins.
0:49 of 3rd period - Snap shot by Paul Cotter.
0:49 of 3rd period - Stopped by Daniel Vladar with a rebound.
0:51 of 3rd period - Slapshot by Alex Biega.
0:51 of 3rd period - Shot Misses the Net.
1:11 of 3rd period - Snap shot by Michael Eyssimont.
1:11 of 3rd period - Goal by Michael Eyssimont - Erie Otters : 4 - Niagara IceDogs : 4.
1:12 of 3rd period - Jonatan Berggren wins face-off versus Alex Newhook in neutral zone.
1:25 of 3rd period - Snap shot by Jonatan Berggren.
1:25 of 3rd period - Shot Blocked by Alex Biega.
1:31 of 3rd period - Alex Newhook is hit by Joseph Duszak and loses puck.
2:06 of 3rd period - Snap shot by Aaron Luchuk.
2:06 of 3rd period - Stopped by Daniel Vladar without a rebound.
2:07 of 3rd period - Vasili Ponomarev wins face-off versus Aaron Luchuk in Niagara IceDogs zone.
2:07 of 3rd period - Vasili Ponomarev is hit by Alex Petrovic.
2:13 of 3rd period - Slapshot by Ian Mitchell.
2:13 of 3rd period - Deflect By Aaron Ness.
2:13 of 3rd period - Stopped by Keith Kinkaid with a rebound.
2:15 of 3rd period - Minor Penalty to Alex Gallant for Roughing.
2:16 of 3rd period - Alex Newhook wins face-off versus Arttu Ruotsalainen in Erie Otters zone.
2:55 of 3rd period - Icing by Alex Whelan.
2:56 of 3rd period - Jonatan Berggren wins face-off versus Alex Newhook in Niagara IceDogs zone.
3:27 of 3rd period - Slapshot by Aliaksei Protas.
3:27 of 3rd period - Shot Blocked by Alex Petrovic.
4:15 of 3rd period - Penalty to Alex Gallant is over, Alex Gallant is back on ice.
4:21 of 3rd period - Slapshot by Ty Ronning.
4:21 of 3rd period - Shot Misses the Net.
4:23 of 3rd period - Slapshot by Aaron Ness.
4:23 of 3rd period - Shot Misses the Net.
4:35 of 3rd period - Snap shot by Vasili Ponomarev.
4:35 of 3rd period - Stopped by Keith Kinkaid with a rebound.
5:09 of 3rd period - Jacob MacDonald is hit by Paul Cotter and loses puck.
6:21 of 3rd period - Icing by John Ludvig.
6:22 of 3rd period - Jonatan Berggren wins face-off versus Abbott Girduckis in Niagara IceDogs zone.
7:10 of 3rd period - Snap shot by Joachim Blichfeld.
7:10 of 3rd period - Stopped by Keith Kinkaid with a rebound.
7:33 of 3rd period - Snap shot by Ty Ronning.
7:33 of 3rd period - Stopped by Daniel Vladar with a rebound.
7:41 of 3rd period - Alex Biega is hit by Jonatan Berggren.
7:45 of 3rd period - Jonatan Berggren is hit by Ty Ronning and loses puck.
8:08 of 3rd period - Wrist shot by Alex Newhook.
8:08 of 3rd period - Shot Misses the Net.
8:10 of 3rd period - Snap shot by Paul Cotter.
8:10 of 3rd period - Stopped by Daniel Vladar with a rebound.
8:12 of 3rd period - Slapshot by Trent Frederic.
8:12 of 3rd period - Stopped by Daniel Vladar with a rebound.
8:27 of 3rd period - Slapshot by Jack Quinn.
8:27 of 3rd period - Shot Blocked by Alec McCrea.
8:29 of 3rd period - Wrist shot by Arttu Ruotsalainen.
8:29 of 3rd period - Goal by Arttu Ruotsalainen - Erie Otters : 4 - Niagara IceDogs : 5.
8:30 of 3rd period - Alex Newhook wins face-off versus James Hamblin in neutral zone.
8:33 of 3rd period - Wrist shot by Alex Newhook.
8:33 of 3rd period - Stopped by Daniel Vladar with a rebound.
8:41 of 3rd period - Slapshot by Conor Timmins.
8:41 of 3rd period - Stopped by Keith Kinkaid with a rebound.
8:43 of 3rd period - Slapshot by Joseph Duszak.
8:43 of 3rd period - Shot Misses the Net.
8:45 of 3rd period - Snap shot by Conor Timmins.
8:45 of 3rd period - Shot Misses the Net.
9:20 of 3rd period - Wrist shot by Jack Quinn.
9:20 of 3rd period - Stopped by Keith Kinkaid without a rebound.
9:21 of 3rd period - Andy Andreoff wins face-off versus Jayden Halbgewachs in Erie Otters zone.
9:44 of 3rd period - Ian Mitchell is hit by Alex Petrovic and loses puck.
10:38 of 3rd period - Wrist shot by Jack Quinn.
10:38 of 3rd period - Shot Blocked by Alex Petrovic.
10:55 of 3rd period - Off-side.
10:56 of 3rd period - James Hamblin wins face-off versus Alex Newhook in neutral zone.
11:25 of 3rd period - Off-side.
11:26 of 3rd period - Alex Newhook wins face-off versus Jonatan Berggren in neutral zone.
11:51 of 3rd period - Snap shot by Joachim Blichfeld.
11:51 of 3rd period - Shot Misses the Net.
11:53 of 3rd period - Slapshot by Filip Kral.
11:53 of 3rd period - Stopped by Keith Kinkaid with a rebound.
12:14 of 3rd period - Filip Kral is hit by Alec McCrea and loses puck.
12:33 of 3rd period - Aliaksei Protas is hit by Aaron Luchuk and loses puck.
12:50 of 3rd period - Aliaksei Protas is hit by Kevin Davis.
13:12 of 3rd period - Filip Kral is hit by Ty Ronning and loses puck.
13:25 of 3rd period - Alex Gallant is hit by Joachim Blichfeld and loses puck.
13:40 of 3rd period - Wrist shot by Aliaksei Protas.
13:40 of 3rd period - Stopped by Keith Kinkaid without a rebound.
13:41 of 3rd period - Alex Newhook wins face-off versus Jonatan Berggren in Erie Otters zone.
13:48 of 3rd period - Wrist shot by Trent Frederic.
13:48 of 3rd period - Goal by Trent Frederic - Erie Otters : 5 - Niagara IceDogs : 5.
13:49 of 3rd period - Jonatan Berggren wins face-off versus Alex Newhook in neutral zone.
14:14 of 3rd period - Tim Soderlund is hit by Michael Eyssimont and loses puck.
14:31 of 3rd period - Aaron Ness is hit by Conor Timmins and loses puck.
14:47 of 3rd period - Backhand shot by Nicholas Robertson.
14:47 of 3rd period - Shot Blocked by Aaron Ness.
14:51 of 3rd period - Slapshot by Vasili Ponomarev.
14:51 of 3rd period - Stopped by Keith Kinkaid with a rebound.
14:59 of 3rd period - Vasili Ponomarev is hit by Sampo Ranta and loses puck.
15:12 of 3rd period - Wrist shot by Michael Eyssimont.
15:12 of 3rd period - Stopped by Daniel Vladar without a rebound.
15:13 of 3rd period - Trent Frederic wins face-off versus Jonatan Berggren in Niagara IceDogs zone.
16:55 of 3rd period - Alex Biega is hit by Jack Quinn and loses puck.
18:01 of 3rd period - Snap shot by Arttu Ruotsalainen.
18:01 of 3rd period - Stopped by Keith Kinkaid without a rebound.
18:02 of 3rd period - Aaron Luchuk wins face-off versus Jack Quinn in Erie Otters zone.
18:10 of 3rd period - Off-side.
18:11 of 3rd period - Alex Newhook wins face-off versus Vasili Ponomarev in neutral zone.
18:16 of 3rd period - Snap shot by Alex Newhook.
18:16 of 3rd period - Shot Blocked by Tim Soderlund.
18:21 of 3rd period - Minor Penalty to Nicholas Robertson for Hooking.
18:22 of 3rd period - Alex Newhook wins face-off versus Aliaksei Protas in Niagara IceDogs zone.
19:01 of 3rd period - Snap shot by Arttu Ruotsalainen.
19:01 of 3rd period - Deflect By Jack Quinn.
19:01 of 3rd period - Shot Misses the Net.
19:01 of 3rd period - Puck is out of play.
19:02 of 3rd period - Aliaksei Protas wins face-off versus Alex Newhook in Erie Otters zone.
19:14 of 3rd period - Slapshot by Alex Petrovic.
19:14 of 3rd period - Stopped by Daniel Vladar with a rebound.
19:16 of 3rd period - Slapshot by Aaron Ness.
19:16 of 3rd period - Shot Blocked by Conor Timmins.
19:18 of 3rd period - Slapshot by Alex Petrovic.
19:18 of 3rd period - Deflect By Alex Newhook.
19:18 of 3rd period - Shot Blocked by John Ludvig.
19:18 of 3rd period - Puck is out of play.
19:19 of 3rd period - Andy Andreoff wins face-off versus Jack Quinn in Niagara IceDogs zone.
19:28 of 3rd period - Alex Biega is hit by Arttu Ruotsalainen and loses puck.
19:45 of 3rd period - Paul Cotter is hit by Jonatan Berggren and loses puck.
19:56 of 3rd period - Snap shot by Aliaksei Protas.
19:56 of 3rd period - Shot Misses the Net.
Goals for this period are 2 for Erie Otters vs 1 for Niagara IceDogs.
Shots for this period are 12 for Erie Otters vs 10 for Niagara IceDogs.
Overtime #1
0:01 of 1st overtime period - Alex Newhook wins face-off versus Jack Quinn in neutral zone.
0:06 of 1st overtime period - Ian Mitchell is hit by Adam Clendening and loses puck.
0:11 of 1st overtime period - Snap shot by Trent Frederic.
0:11 of 1st overtime period - Stopped by Daniel Vladar without a rebound.
0:12 of 1st overtime period - Arttu Ruotsalainen wins face-off versus Alex Newhook in Niagara IceDogs zone.
0:21 of 1st overtime period - Penalty to Nicholas Robertson is over, Nicholas Robertson is back on ice.
1:08 of 1st overtime period - Wrist shot by Michael Eyssimont.
1:08 of 1st overtime period - Shot Blocked by Jacob MacDonald.
1:10 of 1st overtime period - Snap shot by Michael Eyssimont.
1:10 of 1st overtime period - Shot Blocked by Jonatan Berggren.
1:12 of 1st overtime period - Slapshot by Andy Andreoff.
1:12 of 1st overtime period - Shot Misses the Net.
1:24 of 1st overtime period - Snap shot by Arttu Ruotsalainen.
1:24 of 1st overtime period - Shot Blocked by Alex Petrovic.
2:58 of 1st overtime period - Aaron Ness is hit by Filip Kral and loses puck.
3:19 of 1st overtime period - Snap shot by Jayden Halbgewachs.
3:19 of 1st overtime period - Shot Blocked by Alex Petrovic.
3:26 of 1st overtime period - Icing by Alex Newhook.
3:27 of 1st overtime period - Alex Newhook wins face-off versus Aliaksei Protas in Erie Otters zone.
4:40 of 1st overtime period - Alex Biega is hit by John Ludvig and loses puck.
Goals for this period are 0 for Erie Otters vs 0 for Niagara IceDogs.
Shots for this period are 1 for Erie Otters vs 0 for Niagara IceDogs.
ShootOut
5:00 of 1st overtime period - Round #1.
5:00 of 1st overtime period - Erie Otters, Alex Newhook.
5:00 of 1st overtime period - Wrist shot by Alex Newhook.
5:00 of 1st overtime period - Shot Misses the Net.
5:00 of 1st overtime period - Niagara IceDogs, Jack Quinn.
5:00 of 1st overtime period - Wrist shot by Jack Quinn.
5:00 of 1st overtime period - Goal by Jack Quinn.
5:00 of 1st overtime period - Round #2.
5:00 of 1st overtime period - Erie Otters, Trent Frederic.
5:00 of 1st overtime period - Deke by Trent Frederic.
5:00 of 1st overtime period - Stopped by Daniel Vladar.
5:00 of 1st overtime period - Niagara IceDogs, Arttu Ruotsalainen.
5:00 of 1st overtime period - Wrist shot by Arttu Ruotsalainen.
5:00 of 1st overtime period - Stopped by Keith Kinkaid.
5:00 of 1st overtime period - Round #3.
5:00 of 1st overtime period - Erie Otters, Andy Andreoff.
5:00 of 1st overtime period - Wrist shot by Andy Andreoff.
5:00 of 1st overtime period - Stopped by Daniel Vladar.
Back to the Top